 Dungeon Crawl Stone Soup version 0.18-a0-1071-g9f02aef (console) character file.

84 FIQ the Insei (level 4, -1/29 HPs)
             Began as an Octopode Transmuter on Jan 14, 2016.
             Succumbed to poison (a potion of poison)
             ... on level 2 of the Dungeon.
             The game lasted 00:04:10 (1110 turns).

FIQ the Insei (Octopode Transmuter)                 Turns: 1110, Time: 00:04:11

Health: -1/29      AC:  1    Str:  9    XL:     4   Next: 45%
Magic:  7/7        EV: 13    Int: 15    God:
Gold:   63         SH:  0    Dex: 13    Spells: 1 memorised, 7 levels left

rFire  . . .     SeeInvis .       - Unarmed
rCold  . . .     Gourm    .     (no shield)
rNeg   . . .     Faith    .     (helmet restricted)
rPois  .         Spirit   .     (no amulet)
rElec  .         Dismiss  .     (no ring)
rCorr  .         Reflect  .     (no ring)
SustAt .         Harm     .     (no ring)
MR     .....                    (no ring)
Stlth  ++........               (no ring)
                                (no ring)
                                (no ring)
                                (no ring)

@: lethally poisoned (-1 -> -38), appendage, invisible, not resistant to hostile
enchantments, unstealthy
A: almost no armour, amphibious, 8 rings, constrict 8, tentacle spike 3,
camouflage 1, gelatinous body 1
a: End Transformation


You were on level 2 of the Dungeon.
You were hungry.
One of your tentacles had a temporary spike.
You visited 1 branch of the dungeon, and saw 2 of its levels.

You collected 63 gold pieces.

Inventory:

Missiles
 a - 21 arrows
Scrolls
 d - 2 scrolls of identify {unknown}
 e - a scroll of immolation {unknown}
 g - a scroll of remove curse {unknown}
 k - a scroll of enchant weapon {unknown}
Books
 b - a book of Changes

   Spells                             Type                      Level
   a - Beastly Appendage              Transmutation                1
   b - Sticks to Snakes               Transmutation                2
   c - Spider Form                    Transmutation/Poison         3
   d - Ice Form                       Ice/Transmutation            4
   e - Blade Hands                    Transmutation                5
Comestibles
 c - a bread ration
 h - 2 meat rations
 j - a royal jelly


   Skills:
 + Level 2.0 Fighting
 + Level 2.6 Dodging
 + Level 3.5 Unarmed Combat
 + Level 2.5 Spellcasting
 + Level 2.6 Transmutations


You had 7 spell levels left.
You knew the following spells:

 Your Spells              Type           Power        Failure   Level  Hunger
a - Beastly Appendage     Trmt           #.....       10%         1    #......


Dungeon Overview and Level Annotations

Branches:
Dungeon (2/15)

Altars:
Vehumet


Innate Abilities, Weirdness & Mutations

You cannot wear most types of armour.
You are amphibious.
You can wear up to eight rings at the same time.
You can use your tentacles to constrict eight enemies at once.
Your skin changes colour to match your surroundings (Stealth).
Your rubbery body absorbs attacks (AC +1).
One of your tentacles bears a large vicious spike.


Message History

You are more poisoned.
You tentacle-slap Robin.
You pierce Robin, but do no damage.
You squeeze Robin!
You kill Robin!
Your Fighting skill increases to level 2!
* * * LOW HITPOINT WARNING * * *
You feel sick. The goblin barely misses you.
You are too injured to fight recklessly!
You are too injured to fight recklessly!
Drink which item? (? for menu, Esc to quit)
It was a potion of poison.
That liquid tasted very nasty...
You are more poisoned.
* * * LOW HITPOINT WARNING * * *
You feel very sick. The goblin hits you.
* * * LOW HITPOINT WARNING * * *
The goblin barely misses you.
Drink which item? (? for menu, Esc to quit)
It was a potion of invisibility.
You fade into invisibility!
You die...

#####..........
.....###.##... # ##...#
#.###.# #.##....###.#
#.# #.#. #.....# #.# ...
#..######+# # #.###..#
##... #.##...#.# ##....
#........###.....
..g########...####......
..ggggg@g........+......
##g######.%...####......
#....## #..... #.####
##.... #.# ##... #.#
##'# # #.# #.# ##. ####
#.############.# ... ..#
#.##........##.# ###.##
#.# #>##.######.#...
#.....##.###.##.####
#.....


You could see 2 hobgoblins and 6 goblins.

Vanquished Creatures
  Natasha (D:2)
  Robin (D:2)
  An adder (D:2)
  An ooze (D:2)
  2 giant geckos (D:1)
  3 giant cockroaches
  7 goblins
  4 hobgoblins
  4 bats
  4 giant newts
  2 kobolds (D:1)
  4 rats
34 creatures vanquished.

Notes
Turn   | Place    | Note
--------------------------------------------------------------
     0 | D:1      | FIQ the Octopode Transmuter began the quest for the Orb.
     0 | D:1      | Reached XP level 1. HP: 13/13 MP: 3/3
   124 | D:1      | Reached XP level 2. HP: 13/18 MP: 5/5
   615 | D:2      | Reached XP level 3. HP: 23/23 MP: 6/6
   738 | D:2      | Found a radiant altar of Vehumet.
   762 | D:2      | Noticed Natasha
   771 | D:2      | Killed Natasha
   771 | D:2      | Reached XP level 4. HP: 7/29 MP: 5/7
  1094 | D:2      | Noticed Robin
  1108 | D:2      | Killed Robin
  1110 | D:2      | Succumbed to poison (a potion of poison)

Vault maps used:
D:1:      dpeg_arrival_tiny_a, minmay_close_crescents
D:2:      old_standard_altar, first_bread, uniq_iyjb, uniq_robin, uniq_natasha,
          uniq_crazy_yiuf_cottage

Action                   |  1- 3 |  4- 6 || total
-------------------------+-------+-------++-------
Melee: Unarmed           |    72 |    17 ||    89
 Cast: Beastly Appendage |     1 |     1 ||     2
  Use: Potion            |     1 |     2 ||     3
 Stab: Sleeping          |     4 |       ||     4
